 Dungeon Crawl Stone Soup version 0.22.1-1-ga44c0e5 (webtiles) character file.

646 Fang the Chopper (level 7, 0/44 HPs)
             Began as a Gargoyle Berserker on Oct 15, 2018.
             Was a Priest of Trog.
             Slain by a centaur zombie (1 damage)
             ... on level 5 of the Dungeon.
             The game lasted 00:06:45 (4701 turns).

Fang the Chopper (Gargoyle Berserker)               Turns: 4701, Time: 00:06:45

Health: 0/44       AC:  7    Str: 22    XL:     7   Next: 52%
Magic:  7/7        EV: 13    Int:  8    God:    Trog [***...]
Gold:   317        SH:  0    Dex:  9    Spells: 6/6 levels left

rFire    . . .     SeeInvis +   s - +0 war axe
rCold    . . .     Gourm    .   (no shield)
rNeg     + . .     Faith    .   b - +0 animal skin
rPois    ∞         Spirit   .   (no helmet)
rElec    +         Reflect  .   (no cloak)
rCorr    +         Harm     .   (no gloves)
MR       .....                  (no boots)
Stlth    ++........             (no amulet)
HPRegen  0.14/turn              i - ring of resist corrosion
MPRegen  0.10/turn              r - ring of see invisible

@: berserk cooldown, slowed, very slow
A: negative energy resistance 1, electricity resistance, unbreathing,
petrification resistance, rot immunity, AC +4
a: Berserk, Trog's Hand, Renounce Religion


You were on level 5 of the Dungeon.
You worshipped Trog.
Trog was most pleased with you.
You were hungry.

You visited 2 branches of the dungeon, and saw 6 of its levels.

You collected 317 gold pieces.

Inventory:

Hand Weapons
 s - a +0 war axe (weapon)
Armour
 b - a +0 animal skin (worn)
Jewellery
 i - a ring of resist corrosion (left hand)
 r - a ring of see invisible (right hand)
Wands
 a - a wand of paralysis (15)
 k - a wand of polymorph (8)
Scrolls
 e - 5 scrolls of remove curse {unknown}
 f - 4 scrolls of identify {unknown}
 g - 5 scrolls of teleportation {unknown}
 h - 2 scrolls of blinking {unknown}
 j - 3 scrolls of random uselessness {unknown}
 n - a scroll of enchant weapon {unknown}
 p - a scroll of fog {unknown}
Potions
 d - 3 potions of haste {unknown}
 l - a potion of lignification {unknown}
 m - a potion of might {unknown}
 o - 2 potions of curing {unknown}
 q - a potion of agility {unknown}
Comestibles
 c - 6 rations


   Skills:
 + Level 4.9 Fighting
 + Level 5.9 Axes
 + Level 2.3 Armour
 + Level 3.3 Dodging
 + Level 2.1 Stealth


You had 6 spell levels left.
You didn't know any spells.
Your spell library was empty.

Dungeon Overview and Level Annotations

Branches:
Dungeon (5/15)             Temple (1/1) D:4

Altars:
Cheibriados
Dithmenos
Gozag
Sif Muna


Innate Abilities, Weirdness & Mutations

You are resistant to torment.
Your stone body is resilient. (AC +4)
You are immune to poison.
You resist negative energy. (rN+)
You are resistant to electric shocks. (rElec)
You can survive without breathing.
You are immune to petrification.
You are immune to rotting.


Message History

* * * LOW HITPOINT WARNING * * *
The centaur zombie hits you.
* * * LOW HITPOINT WARNING * * *
The crimson imp blinks!
The centaur zombie barely misses you.
You hit the centaur zombie but do no damage.
The centaur zombie is severely damaged.
You closely miss the crimson imp. The centaur zombie hits you.
* * * LOW HITPOINT WARNING * * *
The crimson imp barely misses you. The centaur zombie closely misses you.
The crimson imp blinks!
You hit the centaur zombie.
The centaur zombie is almost destroyed.
You closely miss the crimson imp. The centaur zombie hits you.
* * * LOW HITPOINT WARNING * * *
The crimson imp blinks!
The centaur zombie closely misses you.
The centaur zombie hits you but does no damage.
You barely miss the centaur zombie.
The centaur zombie is almost destroyed.
The centaur zombie closely misses you. The centaur zombie hits you.
You die...

#.# #....... #.#
#..# ...
#######.######..#
#.#
.............<..#
#.#
#..........#.###.###
####.####..#.....).#
#5# #........))#
#Z## #..#######.#
#@.###..# #.#
##§..##..#######.#
#[....#..##......#
##)))##..##.####.#
##.###. #.# #.# .#.
#..##.####.# #
#.#..........#
#...##.###### .#.
#.#


You could see a crimson imp and a centaur zombie.

Vanquished Creatures
  2 ogres (D:4)
  A centaur (D:5)
  A scorpion (D:4)
  A crimson imp (D:5)
  Terence (D:2)
  An orc wizard (D:5)
  4 worker ants
  5 adders
  2 oozes
  2 worms
  A dart slug (D:1)
  4 leopard geckos
  19 orcs
  7 bats
  5 giant cockroaches
  4 goblins
  10 hobgoblins
  7 jackals
  A quokka (D:2)
  3 frilled lizards
  4 kobolds
  A quokka zombie (D:5)
  7 rats
93 creatures vanquished.

Notes
Turn   | Place    | Note
-------+----------+-------------------------------------------
     0 | D:1      | Fang the Gargoyle Berserker began the quest for the Orb.
     0 | D:1      | Reached XP level 1. HP: 14/14 MP: 1/1
    64 | D:1      | Reached XP level 2. HP: 17/19 MP: 2/2
    72 | D:1      | Reached skill level 3 in Axes
   752 | D:2      | Reached XP level 3. HP: 23/23 MP: 3/3
   819 | D:2      | Reached ** piety under Trog
  1175 | D:2      | Reached XP level 4. HP: 29/29 MP: 4/4
  1334 | D:2      | Found a snail-covered altar of Cheibriados.
  1476 | D:2      | Noticed Terence
  1483 | D:2      | Killed Terence
  2059 | D:3      | Reached XP level 5. HP: 33/33 MP: 5/5
  2060 | D:3      | Reached skill level 4 in Axes
  2957 | D:4      | Reached XP level 6. HP: 28/39 MP: 6/6
  2961 | D:4      | Reached *** piety under Trog
  3265 | D:4      | Found a staircase to the Ecumenical Temple.
  3370 | D:4      | Found a shadowy altar of Dithmenos.
  3390 | Temple   | Entered the Ecumenical Temple
  3606 | D:4      | Reached skill level 5 in Axes
  3606 | D:4      | Reached skill level 1 in Stealth
  4065 | D:4      | Found an opulent altar of Gozag.
  4066 | D:4      | Found a deep blue altar of Sif Muna.
  4309 | D:5      | Entered Level 5 of the Dungeon
  4363 | D:5      | Reached XP level 7. HP: 9/44 MP: 7/7
  4700 | D:5      | HP: 1/44 [centaur zombie (3)]
  4701 | D:5      | Slain by a centaur zombie

Skill      XL: |  1  2  3  4  5  6  7 |
---------------+----------------------+-----
Axes           | 3 4 5 |  5.9
Fighting       | 4 |  4.9
Dodging        | 2 3 |  3.3
Stealth        | 1 2 |  2.1
Armour         | |  2.3

Action                   |  1- 3 |  4- 6 |  7- 9 || total
-------------------------+-------+-------+-------++-------
Melee: Hand axe          |   113 |   175 |       ||   288
       War axe           |       |    13 |    38 ||    51
Invok: Berserk           |       |     4 |     2 ||     6
 Stab: Sleeping          |       |     1 |       ||     1
  Eat: Chunk             |     1 |    12 |     1 ||    14
       Ration            |       |       |     1 ||     1
Armor: Animal skin       |    65 |    87 |    22 ||   174
Dodge: Dodged            |   115 |   146 |    56 ||   317
